 Dungeon Crawl Stone Soup version 0.31.0-9-g3a7656b989 (webtiles) character file.

Game seed: 1890486915448412258

157 Sobieck the Shooter (level 5, -2/32 HPs)
             Began as a Deep Elf Hunter on Jan 24, 2024.
             Slain by a sleepcap (21 damage)
             ... on level 3 of the Dungeon.
             The game lasted 00:05:52 (2617 turns).

Sobieck the Shooter (Deep Elf Hunter)               Turns: 2617, Time: 00:05:52

Health: -2/32      AC:  3    Str:  8    XL:     5   Next: 15%
Magic:  7/7        EV:  2    Int: 14    God:
Gold:   181        SH:  0    Dex: 20    Spells: 4/4 levels left

rFire   . . .        a - +0 shortbow
rCold   . . .        (shield currently unavailable)
rNeg    . . .        c - +0 leather armour
rPois   .            h - +0 hat {SInv}
rElec   .            (no cloak)
rCorr   .            (no gloves)
SInv    +            (no boots)
Will    .....        (no amulet)
Stlth   ++           (no ring)
HPRegen 0.25/turn    (no ring)
MPRegen 0.10/turn

%: no passive effects
@: sleeping
A: no striking features
a: no special abilities


You were on level 3 of the Dungeon.
You visited 1 branch of the dungeon, and saw 3 of its levels.

You collected 181 gold pieces.

Inventory:

Hand Weapons
 a - a +0 shortbow (weapon)
Missiles
 k - 4 poisoned darts
 Z - a throwing net
Armour
 c - a +0 leather armour (worn)
 h - a +0 hat of see invisible (worn)
Scrolls
 b - a scroll of identify {unknown}
 d - a scroll of torment {unknown}
 e - 5 scrolls of teleportation {unknown}
 g - a scroll of fear {unknown}
 i - a scroll of amnesia {unknown}
 m - 2 scrolls of enchant weapon {unknown}
 n - 2 scrolls of immolation {unknown}
 p - a scroll of vulnerability {unknown}
 q - 2 scrolls of enchant armour {unknown}
Potions
 f - a potion of brilliance {unknown}
 j - a potion of enlightenment {unknown}
 l - a potion of heal wounds {unknown}
 o - 2 potions of curing {unknown}


   Skills:
 + Level 2.8 Fighting
 * Level 6.8 Ranged Weapons
 + Level 4.0 Dodging
 - Level 1.2 Stealth


You had 4 spell levels left.
You didn't know any spells.
Your spell library contained the following spells:

 Spells                   Type           Power      Damage    Failure   Level
 Ensorcelled Hibernation  Hex/Ice        0%         N/A       54%         2
 Passwall                 Erth           0%         N/A       77%         3
 Swiftness                Air            0%         N/A       77%         3


Dungeon Overview and Level Annotations

Branches:
Dungeon (3/15)

Altars:


Message History

A dart slug comes into view.
You shoot an arrow. The arrow hits the orc!
You kill the orc!
You shoot an arrow. The arrow hits the dart slug.
The dart slug is heavily wounded.
The dart slug launches a dart at you. The slug dart hits you.
You shoot an arrow. The arrow hits the dart slug.
The dart slug is almost dead.
You shoot an arrow. The arrow hits the dart slug!
You kill the dart slug!
No target in view!
An endoplasm comes into view.
Found a mace.
Unknown command.
You shoot an arrow. The arrow hits the endoplasm.
The endoplasm quivers.
The endoplasm is heavily wounded.
You shoot an arrow. The arrow hits the endoplasm!
You kill the endoplasm!
You shoot an arrow.
The arrow hits the sleepcap but does no damage.
You shoot an arrow. The arrow hits the sleepcap.
The sleepcap is lightly damaged.
You shoot an arrow. The arrow hits the sleepcap!
The sleepcap is moderately damaged.
The sleepcap releases spores at you.
You are engulfed in a cloud of soporific spores!
You fall asleep.
The sleepcap releases spores at you!
You wake up.
You are engulfed in a cloud of soporific spores!
You are unaffected.
Unknown command.
You shoot an arrow. The arrow hits the sleepcap.
The sleepcap is heavily damaged.
The sleepcap barely misses you.
Unknown command.
You shoot an arrow.
The arrow hits the sleepcap but does no damage.
The sleepcap is heavily damaged.
The sleepcap barely misses you.
Unknown command.
You shoot an arrow. The arrow hits the sleepcap.
The sleepcap is heavily damaged.
The sleepcap releases spores at you.
You are engulfed in a cloud of soporific spores!
You fall asleep.
The sleepcap releases spores at you!!
Ouch! That really hurt!
You die...

#.....###..#.#
#.##.#.#...#.#####
#####.#)..........#
#.###.......#.###.###### #
####.##.........# #......# )
##.###.######.############.#
.##.##.##.#####......<# #.#
#.#.#.#.#.#..##.......# #.#
.#.†#..#.....##f@.....# #.#
..#.).#...#...........######.###
...#....#..#.##.......##.......#
.#.....#.....##.......##..##...#
.....#.....####......÷)....#...#
..#.......## ##########†......#
...........# #.......#
...#####.### #########...##.#
#### #.# #.....#........#


You could see a sleepcap.

Vanquished Creatures
  A hound (D:3)
  4 gnolls (D:2)
  3 adders
  3 dart slugs
  A ribbon worm (D:3)
  2 orcs (D:3)
  9 endoplasms
  A giant cockroach (D:3)
  5 goblins
  5 hobgoblins
  2 jackals (D:1)
  6 kobolds
  A quokka (D:1)
  5 ball pythons
  4 bats (D:1)
  3 frilled lizards
  A rat (D:1)
56 creatures vanquished.

Notes
Turn   | Place    | Note
-------+----------+-------------------------------------------
     0 | D:1      | Sobieck the Deep Elf Hunter began the quest for the Orb.
     0 | D:1      | Reached XP level 1. HP: 12/12 MP: 3/3
   103 | D:1      | Reached XP level 2. HP: 17/17 MP: 4/4
   257 | D:1      | Reached skill level 3 in Dodging
   561 | D:1      | Reached XP level 3. HP: 21/21 MP: 5/5
  1012 | D:2      | Reached skill level 6 in Ranged Weapons
  1092 | D:2      | Reached XP level 4. HP: 24/27 MP: 6/6
  2333 | D:3      | Reached XP level 5. HP: 14/31 MP: 7/7
  2617 | D:3      | Slain by a sleepcap

Illustrated notes

Levels and vault maps discovered:
D:1:      heliophobic_arrival_battle_scene, layout_basic
D:2:      layout_loops_corners, nicolae_concentric_dashed_squares_mild,
          nicolae_grassy_gnolls
D:3:      layout_loops_cross, kennysheep_cluttered_room, eino_tiny_chamber,
          minmay_increasing_density

Skill      XL: |  1  2  3  4  5 |
---------------+----------------+-----
Fighting       | 2 |  2.8
Dodging        | 3 4 |  4.0
Ranged Weapons | 6 |  6.8
Stealth        | |  1.2

Action                     |  1- 3 |  4- 6 || total
---------------------------+-------+-------++-------
   Fire: Shortbow          |    90 |    95 ||   185
    Use: Scroll            |     1 |       ||     1
 Armour: Leather armour    |    16 |    30 ||    46
  Dodge: Dodged            |    14 |    18 ||    32
